 Dungeon Crawl Stone Soup version 0.31-a0-496-g6f97920a28 (webtiles) character file.

Game seed: 3596337163869572567

18 MisterAzrael the Ruffian (level 2, 0/16 HPs)
             Began as a Draconian Shapeshifter on Aug 8, 2023.
             Slain by a gnoll
             ... wielding a +0 whip of flaming
              (8 damage)
             ... on level 2 of the Dungeon.
             The game lasted 00:01:21 (595 turns).

MisterAzrael the Ruffian (Draconian Shapeshifter)    Turns: 595, Time: 00:01:22

Health: 0/16       AC:  0    Str: 17    XL:     2   Next: 48%
Magic:  2/2        EV: 16    Int:  8    God:
Gold:   48         SH:  0    Dex: 11    Spells: 1/1 levels left

rFire   . .          .
                       - Unarmed
rCold   . . .        (shield currently unavailable)
rNeg    . . .        (body armour unavailable)
rPois   .            (helmet restricted)
rElec   .            (no cloak)
rCorr   .            (no gloves)
SInv    .            (no boots)
Will    .....        (no amulet)
Stlth   +            (no ring)
HPRegen 0.22/turn    (no ring)
MPRegen 0.08/turn

%: no passive effects
@: flux-form, glowing
A: glow, contaminating, reduced hp, AC +4, unfitting armour, cold-blooded
a: Begin Untransformation


You were on level 2 of the Dungeon.
You were something dangerously unstable.
You visited 1 branch of the dungeon, and saw 2 of its levels.

You collected 48 gold pieces.

Inventory:

Talismans
 b - a beast talisman
 c - a flux talisman (active)
 e - a flux talisman (active)
Scrolls
 d - a scroll of revelation {unknown}
 g - a scroll of fear {unknown}
 h - a scroll of poison {unknown}
Potions
 a - a potion of lignification
 f - a potion of attraction {unknown}


   Skills:
 - Level 1.1 Fighting
 - Level 1.7 Dodging
 + Level 3.4 Unarmed Combat
 * Level 3.3 Shapeshifting


You had one spell level left.
You didn't know any spells.
Your spell library was empty.

Dungeon Overview and Level Annotations

Branches:
Dungeon (2/15)

Altars:


Innate Abilities, Weirdness & Mutations

You are something dangerously unstable.
You glow with magical radiation, making you easy to see and hit.
Foes you strike become dangerously contaminated with magical radiation.
Your maximum health is decreased, since you lack skill for your form.
You are incapable of wielding weapons or throwing items.
((Your plain brown scales are hard. (AC +4)))
You cannot fit into any form of body armour.
You are cold-blooded and may be slowed by cold attacks.


Message History

The hobgoblin misses you.
You hit the hobgoblin.
The hobgoblin begins to glow.
Your tail-slap misses the hobgoblin.
The hobgoblin is almost dead.
The hobgoblin misses you.
You hit the hobgoblin.
You kill the hobgoblin!
You start waiting.
Done waiting.
You now have 48 gold pieces (gained 9).
g - a scroll labelled SEIGHEA UHATH
h - a scroll labelled PEUSYG WIOLA No target in view!
You see here a +0 whip.
Done exploring.
Done exploring.
No target in view!
No target in view!
Done exploring.
What level of the Dungeon? (default 1, ? - help)
There is a stone staircase leading down here.
You climb downwards.
There is a stone staircase leading up here.
No target in view!
A gnoll comes into view. It is wielding a +0 whip of flaming.
The gnoll shouts!
A gnoll is nearby!
A gnoll comes into view. It is wielding a +0 whip.
The gnoll shouts!
A gnoll comes into view. It is wielding a +0 spear.
The gnoll hits you with a +0 whip of flaming.
The gnoll burns you.
You are too injured to fight recklessly!
You are too injured to fight recklessly!
You are too injured to fight recklessly!
You closely miss the gnoll.
The gnoll shouts!
The gnoll hits you with a +0 whip of flaming!
Ouch! That really hurt!
You die...

# ### g## ..#
#g. #.#g# #B#
#.# #.#######.#
#.#........
######....####.#
.......<....#
######....#.#
#....#.#
........


You could see 3 gnolls.

Vanquished Creatures
  A dart slug (D:1)
  A ball python (D:1)
  2 goblins (D:1)
  4 hobgoblins (D:1)
  A quokka (D:1)
  2 bats (D:1)
  2 frilled lizards (D:1)
  A rat (D:1)
14 creatures vanquished.

Notes
Turn   | Place    | Note
-------+----------+-------------------------------------------
     0 | D:1      | MisterAzrael the Draconian Shapeshifter began the quest for
                  | the Orb.
     0 | D:1      | Reached XP level 1. HP: 16/16 MP: 1/1
   166 | D:1      | Reached XP level 2. HP: 17/23 MP: 2/2
   595 | D:2      | Slain by a gnoll

Illustrated notes

Levels and vault maps discovered:
D:1:      wander_arrival_chamber, layout_rooms, grunt_decor_arrowhead
D:2:      layout_loops_ring, serial_shops, nicolae_shop_tiny_waterfront,
          hangedman_abyss_or_decor_lesser_grid, corexii_item_surrounded_by_moat,
          minmay_diced_spiral

Action                     || total
---------------------------++-------
  Melee: Unarmed           ||    36
         Tailslap          ||     3
 Armour: Skin              ||     9
  Dodge: Dodged            ||    17
   Form: Flux              ||     1

Table legend: (Time is in decaauts)
 A = Elapsed time spent in this place.
 B = Non-inter-level travel time spent in this place.
 C = Inter-level travel time spent in this place.
 D = Time resting spent in this place.
 E = Time spent auto-exploring this place.
 F = Levels seen in this place.
 G = Mean time per level.
                   A        B        C        D        E       F      G
               +--------+--------+--------+--------+--------+-----+--------+
         Total |    592 |    577 |     15 |    100 |    383 |   2 |  296.0 |
       Dungeon |    592 |    577 |     15 |    100 |    383 |   2 |  296.0 |
               +--------+--------+--------+--------+--------+-----+--------+

Top non-repeatable levels by time:
     D:1: 584 daAuts
     D:2: 7 daAuts
